 Dungeon Crawl Stone Soup version 0.19-a0-1395-g1491b20 (webtiles) character file.

32 PurpleRed the Conjurer (level 3, 0/19 HPs)
             Began as a Deep Elf Conjurer on Sept 3, 2016.
             Slain by a hound (2 damage)
             ... on level 3 of the Dungeon.
             The game lasted 00:02:48 (342 turns).

PurpleRed the Conjurer (Deep Elf Conjurer)           Turns: 342, Time: 00:02:49

Health: 0/19       AC:  2    Str:  5    XL:     3   Next: 10%
Magic:  3/10       EV: 13    Int: 20    God:
Gold:   10         SH:  0    Dex: 15    Spells: 2 memorised, 6 levels left

rFire  . . .     SeeInvis .     (no weapon)
rCold  . . .     Gourm    +     a - +0 robe
rNeg   . . .     Faith    .     (no shield)
rPois  +         Spirit   .     (no helmet)
rElec  .         Dismiss  .     (no cloak)
rCorr  .         Reflect  .     (no gloves)
MR     .....     Harm     .     (no boots)
Stlth  ++........               i - amulet of the gourmand
                                (no ring)
                                g - ring of poison resistance

@: exhausted, slowed, very slow
A: no striking features
a: no special abilities


You were on level 3 of the Dungeon.
You were not hungry.

You visited 1 branch of the dungeon, and saw 3 of its levels.

You collected 10 gold pieces.

Inventory:

Missiles
 h - 4 javelins (quivered)
Armour
 a - a +0 robe (worn)
Jewellery
 g - a ring of poison resistance (left hand)
 i - an amulet of the gourmand (around neck)
Scrolls
 e - 2 scrolls of identify {unknown}
Books
 b - a book of Conjurations

   Spells                             Type                      Level
   a - Magic Dart                     Conjuration                  1
   b - Searing Ray                    Conjuration                  2
   c - Dazzling Spray                 Conjuration/Hexes            3
   d - Fulminant Prism                Conjuration/Hexes            4
   e - Iskenderun's Mystic Blast      Conjuration                  4
   f - Iskenderun's Battlesphere      Conjuration/Charms           5
Comestibles
 c - 3 bread rations
 d - 5 beef jerkies
 f - a meat ration
 j - 3 chunks of flesh


   Skills:
 - Level 2.4 Dodging
 - Level 2.4 Stealth
 + Level 3.8 Spellcasting
 * Level 5.1 Conjurations


You had 6 spell levels left.
You knew the following spells:

 Your Spells              Type           Power        Failure   Level  Hunger
a - Magic Dart            Conj           ###.         1%          1    None
b - Searing Ray           Conj           ###...       2%          2    ##.....


Dungeon Overview and Level Annotations

Branches:
Dungeon (3/15)

Altars:

Annotations:
D:3 PurpleRed's ghost, weakling DECj


Message History

Okay, then.
Unknown command.
It was a potion of berserk rage.
A red film seems to cover your vision as you go berserk!
You feel yourself moving faster!
You feel mighty! The hound misses you. The rat barely misses you.
You feel a strong urge to attack something.
Found a stone staircase leading up.
You feel your anger subside. The dart slug launches a dart at you.
The slug dart misses you.
You are no longer berserk.
You are exhausted.
You feel yourself slow down. The hound bites you.
* * * LOW HITPOINT WARNING * * *
The rat twitches its whiskers.
There is a stone staircase leading down here.
The hound bites you.
You die...

#................
#.......W.....#
#....[Z.r.r...###.
####..####r...$... #.##
#Z........ ..#
#.####.....##.# ....
#Z##.W.....#
.###..##.##wr#.......
.........%.@h....#.##.
...............##.....
#
...[...................
........[$.............
.......!............<..
.......................
.................... .
.##................ ...
#...............


You could see a hound, PurpleRed's ghost, a dart slug, 2 rats and a quokka
skeleton.

Vanquished Creatures
  2 adders (D:2)
  A worm (D:2)
  A giant gecko (D:1)
  2 bats
  A giant cockroach (D:2)
  A hobgoblin (D:1)
  A giant newt (D:2)
  2 goblins
  A kobold (D:1)
12 creatures vanquished.

Notes
Turn   | Place    | Note
-------+----------+-------------------------------------------
     0 | D:1      | PurpleRed the Deep Elf Conjurer began the quest for the Orb.
     0 | D:1      | Reached XP level 1. HP: 10/10 MP: 6/6
   208 | D:2      | Reached skill level 5 in Conjurations
   208 | D:2      | Reached XP level 2. HP: 15/15 MP: 5/8
   247 | D:2      | Learned a level 2 spell: Searing Ray
   292 | D:2      | Reached XP level 3. HP: 19/19 MP: 0/10
   327 | D:3      | Noticed PurpleRed's ghost (weakling DECj)
   342 | D:3      | Slain by a hound

Vault maps used:
D:1:      mrwooster_arrival_arrow
D:2:      first_bread, uniq_iyjb

Skill      XL: |  1 |
---------------+----+-----
Conjurations   | 5 |  5.1
Dodging        | |  2.4
Stealth        | |  2.4
Spellcasting   | |  3.8

Action                   || total
-------------------------++-------
 Cast: Magic Dart        ||    23
       Searing Ray       ||     1
  Use: Potion            ||     1
Armor: Robe              ||     1
Dodge: Dodged            ||    11
